 Dungeon Crawl Stone Soup version 0.20.1-1-g8b1a95d (webtiles) character file.

1160 Gargoyl the Chopper (level 8, 0/69 HPs)
             Began as a Minotaur Abyssal Knight on Aug 11, 2017.
             Was a Priest of Lugonu.
             Slain by a yak (5 damage)
             ... on level 5 of the Dungeon.
             The game lasted 00:10:46 (5817 turns).

Gargoyl the Chopper (Minotaur Abyssal Knight)       Turns: 5817, Time: 00:10:47

Health: 0/69       AC: 11    Str: 23    XL:     8   Next: 16%
Magic:  9/9        EV:  9    Int:  9    God:    Lugonu [***...]
Gold:   370        SH:  0    Dex: 11    Spells: 7/7 levels left

rFire    + . .     SeeInvis .   x - +0 war axe
rCold    + . .     Gourm    .   (no shield)
rNeg     . . .     Faith    .   d - +1 chain mail
rPois    +         Spirit   .   (helmet restricted)
rElec    +         Reflect  .   (no cloak)
rCorr    +         Harm     .   (no gloves)
MR       .....                  (no boots)
Stlth    ..........             (no amulet)
Regen    0.3/turn               (no ring)
MPRegen  0.2/turn               (no ring)

@: mighty, resistant
A: retaliatory headbutt, horns 2
a: Depart the Abyss, Bend Space, Banish, Renounce Religion


You were on level 5 of the Dungeon.
You worshipped Lugonu.
Lugonu was most pleased with you.
You were not hungry.

You visited 1 branch of the dungeon, and saw 6 of its levels.
You visited the Abyss 1 time.
You also visited: Sewer.

You collected 370 gold pieces.

Inventory:

Hand Weapons
 a - a +2 hand axe
 x - a +0 war axe (weapon)
Armour
 d - a +1 chain mail (worn)
Wands
 q - a wand of lightning (7/15)
 v - a wand of random effects (2/48)
Scrolls
 m - 2 scrolls of enchant armour
 n - a scroll of recharging
 p - 2 scrolls of teleportation
 t - 3 scrolls of amnesia
 u - a scroll of magic mapping
 y - a scroll of remove curse
 z - a scroll of enchant weapon
Potions
 e - a potion of resistance
 i - 4 potions of magic
 j - 3 potions of berserk rage {unknown}
 k - a potion of curing
 l - a potion of haste {unknown}
 o - a potion of heal wounds {unknown}
 r - a potion of flight {unknown}
Books
 s - a book of Debilitation

   Spells                             Type                      Level
   a - Corona                         Hexes                        1
   b - Slow                           Hexes                        2
   c - Inner Flame                    Hexes/Fire                   3
   d - Portal Projectile              Hexes/Translocation          3
   e - Cause Fear                     Hexes                        4
   f - Leda's Liquefaction            Hexes/Earth                  4
Comestibles
 b - 4 meat rations
 c - 6 bread rations
 g - 3 royal jellies
 h - 9 fruits


   Skills:
 + Level 5.5 Fighting
 + Level 7.1 Axes
 * Level 7.0 Armour
 + Level 2.8 Dodging
 * Level 3.9 Invocations


You had 7 spell levels left.
You didn't know any spells.

Dungeon Overview and Level Annotations

Branches:
Dungeon (6/15)
 Temple: D:4-7

Altars:
Elyvilon
Gozag
Qazlal
Trog

Shops:
D:5 %

Annotations:
Abyss:1 Purgy


Innate Abilities, Weirdness & Mutations

You reflexively headbutt those who attack you in melee.
You have a pair of horns on your head.


Message History

The yak gores you but does no damage.
The centaur shoots an arrow.
The arrow hits you.
* * * LOW HITPOINT WARNING * * *
You climb upwards.
There is a stone staircase leading down here.
It was a potion of resistance.
You feel protected. The yak gores you but does no damage.
It was a potion of might.
You feel very mighty all of a sudden. The yak barely misses you.
You furiously retaliate!
You headbutt the yak! You barely miss the yak. You headbutt the yak!
The yak is heavily wounded.
The yak gores you but does no damage.
You slash the yak!
The yak is almost dead.
The yak gores you.
* * * LOW HITPOINT WARNING * * *
The yak gores you.
You die...

.##....##.....)................##
.##....##........................
.########[(....................##
...............................#
..................############.#
..................'...# #...#
..................###.# ####.###
..................###.###....###
...............Y@..##..8.......##
...)........#.##.#####....P......
............#....# ##....#...#.
............###### #88..#...#.
............# ####.......
............# ########
#############


You could see a yak.

Vanquished Creatures
  Sigmund (D:5)
  Edmund (D:5)
  An ogre (D:4)
  A sky beast (D:5)
  2 bullfrog zombies (D:5)
  A jelly (D:5)
  An orc priest (D:3)
  2 iguanas (D:5)
  An orc wizard (D:5)
  A bullfrog skeleton (D:5)
  6 worker ants
  A hound zombie (D:5)
  A worker ant zombie (D:5)
  9 adders
  A river rat (D:4)
  A shadow imp (D:5)
  An adder skeleton (D:5)
  2 adder zombies (D:5)
  5 worms
  A dart slug (D:1)
  6 leopard geckos
  11 orcs
  7 giant cockroaches
  9 goblins
  8 hobgoblins
  7 jackals (D:3)
  2 quokkas
  A ball python (D:4)
  A ball python zombie (D:5)
  10 bats
  7 frilled lizards
  9 kobolds
  A leopard gecko zombie (D:5)
  16 rats
135 creatures vanquished.

Vanquished Creatures (others)
  4 toadstools (D:1)
4 creatures vanquished.

Grand Total: 139 creatures vanquished

Notes
Turn   | Place    | Note
-------+----------+-------------------------------------------
     0 | Abyss:1  | Gargoyl the Minotaur Abyssal Knight began the quest for the Orb.
     0 | Abyss:1  | Reached XP level 1. HP: 19/19 MP: 1/1
     8 | Abyss:1  | Found a corrupted altar of Lugonu.
    71 | Abyss:3  | Noticed a worldbinder
    71 | D:1      | Escaped the Abyss
   414 | D:1      | Reached XP level 2. HP: 21/27 MP: 2/2
  1189 | D:1      | Reached * piety under Lugonu
  1547 | D:2      | Reached XP level 3. HP: 32/33 MP: 3/3
  1976 | D:2      | Found a faded altar of an unknown god.
  2074 | D:2      | Reached XP level 4. HP: 40/40 MP: 4/4
  2123 | D:2      | Found a bloodstained altar of Trog.
  2519 | D:3      | Reached ** piety under Lugonu
  2630 | D:3      | Reached XP level 5. HP: 26/46 MP: 5/5
  3533 | D:4      | Found a glowing drain.
  3541 | D:4      | Reached *** piety under Lugonu
  3549 | Sewer    | Entered a sewer
  3621 | Sewer    | Noticed Purgy
  3632 | Sewer    | Banished Purgy
  3632 | Sewer    | Reached XP level 6. HP: 44/53 MP: 5/7
  3770 | D:4      | Reached skill level 5 in Axes
  3770 | D:4      | Reached skill level 5 in Armour
  4116 | D:4      | Found a white marble altar of Elyvilon.
  4169 | D:4      | Found a stormy altar of Qazlal.
  4169 | D:4      | Found an opulent altar of Gozag.
  4463 | D:5      | Entered Level 5 of the Dungeon
  4523 | D:5      | Reached XP level 7. HP: 50/60 MP: 8/8
  4639 | D:5      | Noticed Sigmund
  4650 | D:5      | Reached skill level 5 in Fighting
  4660 | D:5      | Killed Sigmund
  5008 | D:5      | Noticed Edmund
  5025 | D:5      | Killed Edmund
  5233 | D:5      | Reached XP level 8. HP: 68/68 MP: 9/9
  5602 | D:5      | Found Etud's Food Boutique.
  5817 | D:5      | Slain by a yak

Skill      XL: |  1  2  3  4  5  6  7  8 |
---------------+-------------------------+-----
Armour         | 3 4 5 6 7 |  7.0
Fighting       | 4 5 |  5.5
Axes           | 3 4 5 6 7 |  7.1
Invocations    | 2 3 |  3.9
Dodging        | 2 |  2.8

Action                   |  1- 3 |  4- 6 |  7- 9 || total
-------------------------+-------+-------+-------++-------
Melee: Hand axe          |    91 |   196 |    46 ||   333
       Headbutt          |    14 |    33 |    21 ||    68
       War axe           |       |       |    55 ||    55
Invok: Depart the Abyss  |     1 |       |       ||     1
       Banish            |       |     1 |       ||     1
  Use: Scroll            |     5 |     5 |     2 ||    12
       Potion            |       |     1 |     3 ||     4
  Eat: Chunk             |     4 |     7 |     5 ||    16
Armor: Chain mail        |    63 |   141 |    70 ||   274
Dodge: Dodged            |    36 |    97 |    47 ||   180
